 Dungeon Crawl Stone Soup version 0.30-a0-1160-g6e42c06551 (webtiles) character file.

Game seed: 7332737347718545608

25 voltaire321 the Stinger (level 3, 0/25 HPs)
             Began as a Merfolk Venom Mage on Apr 25, 2023.
             Slain by Terence
             ... wielding a +0 flail
              (6 damage)
             ... on level 2 of the Dungeon.
             The game lasted 00:02:36 (1130 turns).

voltaire321 the Stinger (Merfolk Venom Mage)        Turns: 1130, Time: 00:02:36

Health: 0/25       AC:  4    Str: 10    XL:     3   Next: 6%
Magic:  1/6        EV: 12    Int: 14    God:
Gold:   106        SH:  0    Dex: 14    Spells: 5/6 levels left

rFire   . . .        a - +2 whip (pain)
rCold   . . .        (no shield)
rNeg    . . .        c - +0 leather armour
rPois   .            g - +0 helmet
rElec   .            (no cloak)
rCorr   .            (no gloves)
SInv    .            (no boots)
Will    .....        (no amulet)
Stlth   ++           (no ring)
HPRegen 0.24/turn    (no ring)
MPRegen 0.10/turn

%: no passive effects
@: no status effects
A: (nimble swimmer 2), mertail
a: no special abilities


You were on level 2 of the Dungeon.
You visited 1 branch of the dungeon, and saw 2 of its levels.

You collected 106 gold pieces.

Inventory:

Hand Weapons
 a - a +2 whip of pain (weapon)
Armour
 c - a +0 leather armour (worn)
 g - a +0 helmet (worn)
Scrolls
 d - a scroll of identify {unknown}
 e - a scroll of magic mapping {unknown}
 f - a scroll of amnesia {unknown}
 i - a scroll of teleportation {unknown}
Potions
 b - a potion of magic
 h - 2 potions of brilliance {unknown}


   Skills:
 + Level 0.9 Fighting
 + Level 0.5 Armour
 + Level 3.0 Dodging
 - Level 2.1 Stealth
 + Level 2.1 Spellcasting
 + Level 2.0 Transmutations
 + Level 3.5 Poison Magic


You had 5 spell levels left.
You knew the following spells:

 Your Spells              Type           Power      Damage    Failure   Level
a - Sting                 Tmut/Pois      36%        1d4       10%         1

Your spell library contained the following spells:

 Spells                   Type           Power      Damage    Failure   Level
 Poisonous Vapours        Pois/Air       12%        N/A       24%         2
 Mephitic Cloud           Conj/Pois/Air  4%         N/A       52%         3
 Olgreb's Toxic Radiance  Pois           11%        N/A       58%         4


Dungeon Overview and Level Annotations

Branches:
Dungeon (2/15)

Altars:

Annotations:
D:2 Terence


Innate Abilities, Weirdness & Mutations

((You are very nimble when in or above water. (Stealth+, EV+, Speed+++)))
Your lower body shifts to a powerful aquatic tail in water.


Message History

Press: ? - help, Q - select action Shift-Dir - straight line, f - Terence
Aim: Terence, wielding a +0 flail and wearing a +2 chain mail of cold resistance (moderately wounded, 77% to hit)
The sting hits Terence but does no damage.
Terence is poisoned.
Terence is moderately wounded.
Terence barely misses you.
You hit Terence but do no damage.
Terence is moderately wounded.
Terence closely misses you. Terence barely misses you.
You hit Terence.
Terence is moderately wounded.
Terence barely misses you.
Aiming: Sting (safe; 10% risk of failure)
Press: ? - help, Q - select action Shift-Dir - straight line, f/p - Terence
Aim: Terence, wielding a +0 flail and wearing a +2 chain mail of cold resistance (heavily wounded, poisoned, 77% to hit)
The sting hits Terence but does no damage.
Terence looks even sicker.
Terence is heavily wounded.
Terence barely misses you.
Aiming: Sting (safe; 10% risk of failure)
Press: ? - help, Q - select action Shift-Dir - straight line, f/p - Terence
Aim: Terence, wielding a +0 flail and wearing a +2 chain mail of cold resistance (heavily wounded, very poisoned, 77% to hit)
The sting hits Terence but does no damage.
Terence looks even sicker.
Terence is heavily wounded.
Terence hits you with a +0 flail!
You hit Terence but do no damage.
Terence is heavily wounded.
Terence completely misses you.
You completely miss Terence.
Terence is heavily wounded.
Terence barely misses you. Terence attacks as you move away!
Terence hits you but does no damage. Terence attacks as you move away!
Terence barely misses you. Terence hits you with a +0 flail.
* * * LOW HITPOINT WARNING * * *
You closely miss Terence.
Terence is heavily wounded.
Terence hits you with a +0 flail.
You die...

#.. #.# #.#
####### #.#
#.....# #.#
#.....####.#
#.![.†.....#
#.?...###@.#
#.....#
#.@####.##
#######
#........#
#...###..#
#...).#..#
#....†...####
###.#.##...<.
#......#...
#..#####<##.#
# #........#
#


You could see Terence (very poisoned).

Vanquished Creatures
  An adder (D:2)
  2 ball pythons
  An endoplasm (D:1)
  A giant cockroach (D:2)
  A goblin (D:1)
  A hobgoblin (D:1)
  2 jackals (D:1)
  2 kobolds
  2 quokkas (D:1)
  2 bats (D:1)
15 creatures vanquished.

Notes
Turn   | Place    | Note
-------+----------+-------------------------------------------
     0 | D:1      | voltaire321 the Merfolk Venom Mage began the quest for the
                  | Orb.
     0 | D:1      | Reached XP level 1. HP: 13/13 MP: 3/3
   537 | D:1      | Reached XP level 2. HP: 20/20 MP: 1/5
   607 | D:1      | Found a faded altar of an unknown god.
  1080 | D:2      | Reached XP level 3. HP: 14/25 MP: 0/6
  1092 | D:2      | Noticed Terence
  1130 | D:2      | Slain by Terence

Illustrated notes

Levels and vault maps discovered:
D:1:      lightli_arrival_farm, layout_basic, hellmonk_ecumenical_altar_zigzags
D:2:      layout_loops_cross, chequers_serial_rivers_room_b, uniq_robin,
          uniq_terence

Skill      XL: |  1  2 |
---------------+-------+-----
Dodging        | 3 |  3.0
Transmutations | 2 |  2.0
Fighting       | |  0.9
Armour         | |  0.5
Stealth        | |  2.1
Spellcasting   | |  2.1
Poison Magic   | |  3.5

Action                     || total
---------------------------++-------
  Melee: Whip              ||    20
   Cast: Sting             ||    29
 Armour: Leather armour    ||     9
  Dodge: Dodged            ||    21

Table legend: (Time is in decaauts)
 A = Elapsed time spent in this place.
 B = Non-inter-level travel time spent in this place.
 C = Inter-level travel time spent in this place.
 D = Time resting spent in this place.
 E = Time spent auto-exploring this place.
 F = Levels seen in this place.
 G = Mean time per level.
                   A        B        C        D        E       F      G
               +--------+--------+--------+--------+--------+-----+--------+
         Total |   1111 |   1075 |     36 |     74 |    781 |   2 |  555.5 |
       Dungeon |   1111 |   1075 |     36 |     74 |    781 |   2 |  555.5 |
               +--------+--------+--------+--------+--------+-----+--------+

Top non-repeatable levels by time:
     D:1: 1035 daAuts
     D:2: 76 daAuts
